Cogmind - Beta 16 @@@ ROGUE MODE // 2025.11.18 @ 16:22:17 // Winter2019/RPGLIKE Player: Jaegerpls Result: Destroyed by Y-54 Guardian with Flak Gun Performance ------------- Evolutions (0) 0 Regions Visited (3) 600 Robots Destroyed (42) 210 Value Destroyed (1128) 1128 Prototype IDs (13) 260 Alien Tech Used (0) 0 Bonus (0) 0 TOTAL SCORE: 2198 Bonus ------- None Cogmind --------- Core Integrity 0/800 Matter 220/300 Energy 240/240 System Corruption 0% Temperature Warm (172) Movement Walking (130) Location -7/Recycling Parts ------- > --- POWER (2) -------- Light Nuclear Core Meta Core > --- PROPULSION (3+1) - Cargo Legs > --- UTILITY (4+3) ---- Improved Terrain Scanner Makeshift Light Armor Plating Scrap Shield > --- WEAPON (2+1) ----- Battle Cannon Battle Cannon > --- INVENTORY (1) ---- Autobeam Peak State ------------ > --- POWER ------------ Light Nuclear Core Meta Core > --- PROPULSION ------- Cargo Legs > --- UTILITY ---------- Improved Terrain Scanner Makeshift Light Armor Plating Scrap Shield > --- WEAPON ----------- Battle Cannon Battle Cannon > --- INVENTORY -------- Autobeam [Rating: 47] Favorites ----------- Power Light Nuclear Core Engine Light Ion Engine Power Core Light Nuclear Core Propulsion Flight Unit Leg Cargo Legs Wheel Wheel Hover Unit Hover Unit Flight Unit Flight Unit Utility Improved Terrain Scanner Device Improved Terrain Scanner Protection Makeshift Light Armor Plating Weapon Battle Cannon Energy Gun Improved EM Shotgun Ballistic Gun Battle Rifle Ballistic Cannon Battle Cannon Build | -11 -10 -10 -7 ------- Run | Yrd Mat Sub Rec Slots Evolved 7 | 4 1 2 . Power 1 | . . 1 . Propulsion 2 | 1 1 . . Utility 3 | 2 . 1 . Weapon 1 | 1 . . . Parts Attached 21 | 6 8 7 . Power 3 | 1 1 1 . Engine 1 | 1 . . . Core 2 | . 1 1 . Reactor . | . . . . Propulsion 7 | 2 4 1 . Treads . | . . . . Leg 1 | . . 1 . Wheel 2 | 2 . . . Hover 1 | . 1 . . Flight 3 | . 3 . . Utility 3 | 1 . 2 . Device 1 | 1 . . . Storage . | . . . . Processor . | . . . . Hackware . | . . . . Protection 2 | . . 2 . Artifact . | . . . . Weapon 8 | 2 3 3 . Energy Gun 5 | 2 3 . . Energy Cannon . | . . . . Ballistic Gun 1 | . . 1 . Ballistic Cannon 2 | . . 2 . Launcher . | . . . . Special Weapon . | . . . . Impact Weapon . | . . . . Slashing Weapon . | . . . . Piercing Weapon . | . . . . Special Melee Weapon . | . . . . Unidentified Prototypes 2 | . 1 1 . Parts Lost 1 | . 1 . . Power . | . . . . Propulsion 1 | . 1 . . Utility . | . . . . Weapon . | . . . . Highest Loss Streak 1 | . 1 . . To Critical Strikes . | . . . . Average Backups . | . . . 1 Power . | . . . . Propulsion . | . . . . Utility . | . . . . Weapon . | . . . 1 Tool/Special . | . . . . Unused Backups 2 | . . 1 1 Power . | . . . . Propulsion . | . . . . Utility . | . . . . Weapon 2 | . . 1 1 Tool/Special . | . . . . Average Slot Usage (%) 61 | . 64 58 50 Core 10 | . 10 11 12 Leg 1 | . . 2 6 Hover 2 | . 5 . . Flight 12 | . 9 15 . Device 10 | . 11 9 6 Energy Gun 10 | . 24 . . Ballistic Cannon 9 | . . 17 12 Peak Build Rating 47 | 8 15 47 47 Average Rating 16 | 4 11 19 47 On Entrance 17 | . 8 14 47 Avg Prop Armor Cover (%) 5 | . 5 . . Naked Turns . | . . . . Heaviest Build 40 | 7 12 40 40 Greatest Support 60 | 20 20 60 60 Greatest Overweight (x) 3 | . 3 . . Average Overweight (x) . | . 1 . . Largest Inventory Capacity 1 | 1 1 1 1 Average Capacity 1 | 1 1 1 1 Most Carried 1 | . 1 1 1 Average Carried . | . . . 1 Final Capacity 1 | 1 1 1 1 Final Carried 1 | . 1 1 1 Class Distribution -------------------- 90% | Mutant 9% | Scavenger-Mutant Dominant Class ---------------- Mutant | -10/Materials Mutant | -10/Subcaves Mutant | -7/Recycling Resources | -11 -10 -10 -7 ----------- Run | Yrd Mat Sub Rec Matter Collected 1076 | 260 100 716 . Remotely . | . . . . Salvage Created 911 | 104 428 379 . Parts 75 | 6 26 43 . Haulers Intercepted 2 | . 2 . . Recyclers Shooed . | . . . . Parts Field Recycled . | . . . . Retrieved Matter . | . . . . Parts Self-Destructed 12 | . . 12 . Prevented . | . . . . Parts Restored . | . . . . Kills | -11 -10 -10 -7 ------- Run | Yrd Mat Sub Rec Combat Hostiles Destroyed 33 | . 14 19 . Guns 15 | . 14 1 . Cannons 17 | . . 17 . Classes Destroyed 9 | 2 4 3 . Tunneler 1 | 1 . . . Hauler 2 | . 2 . . Recycler 1 | 1 . . . Turret 2 | . . 2 . Watcher 3 | . 3 . . Swarmer 10 | . 6 4 . Grunt 8 | . 8 . . Sentry 1 | . . 1 . Subdweller 14 | . . 14 . Best Kill Streak 4 | 2 4 4 . Combat Bots Only 4 | . 4 3 . Max Kills in Single Turn 1 | 1 1 1 . Gunslinging . | . . . . Exploded . | . . . . Melee . | . . . . Uniques/NPCs Destroyed . | . . . . Combat | -11 -10 -10 -7 -------- Run | Yrd Mat Sub Rec Hostile Shots Fired 247 | . 74 101 72 Missed 78 | . 25 39 14 Hits 169 | . 49 62 58 Projectile 169 | . 49 62 58 Critical Strikes 4 | . 3 1 . Damage Taken 1987 | . 595 956 436 Core 1547 | . 503 799 245 Absorbed by Shields . | . . . . Redirected to Core 1039 | . 319 514 206 Core Remaining (%) 100 | 100 . . . Volleys Fired 176 | 4 94 70 8 Largest 2 | 2 2 2 2 Hottest 115 | 90 115 90 66 Shots Fired 349 | 8 185 140 16 Gun 213 | 8 185 20 . Cannon 136 | . . 120 16 Launcher . | . . . . Special . | . . . . Kinetic 148 | . . 132 16 Thermal 139 | 8 131 . . Explosive . | . . . . Electromagnetic 62 | . 54 8 . Robot Hit Streak 17 | 3 8 17 7 Robot Miss Streak 5 | 1 5 2 3 Penetration Max . | . . . . Secondary Targets 1 | . 1 . . Max Gunslinging Chain 1 | . 1 . . Shots Hit Robots 197 | 5 90 91 11 Core Hits 63 | 3 29 29 2 Critical Kills . | . . . . Critical Parts Destroyed . | . . . . Critical Strikes 11 | . 3 8 . Burn 3 | . 3 . . Blast 8 | . . 8 . Melee Attacks . | . . . . Impact . | . . . . Slashing . | . . . . Piercing . | . . . . Sneak Attacks . | . . . . Combat Hostiles . | . . . . Follow-up Attacks . | . . . . Damage Inflicted 3236 | 58 1115 1825 238 Guns 1430 | 58 1087 285 . Cannons 1778 | . . 1540 238 Explosions 28 | . 28 . . Melee . | . . . . Ramming . | . . . . Kinetic 1951 | . . 1713 238 Thermal 1067 | 58 1009 . . Explosive . | . . . . Electromagnetic 218 | . 106 112 . Impact . | . . . . Slashing . | . . . . Piercing . | . . . . Highest Corruption . | . . . . Average Corruption . | . . . . Corruption Purged . | . . . . Corruption Blocked . | . . . . Overload Shots . | . . . . Overflow Damage 10 | . . 10 . Projectiles 10 | . . 10 . Explosions . | . . . . Melee . | . . . . Knockbacks 21 | . . 21 . Impact . | . . . . Kinetic 20 | . . 20 . Secondary 1 | . . 1 . Self-Inflicted Damage 36 | . 36 . . Shots 1 | . 1 . . Rammed . | . . . . Targets Rammed . | . . . . Kicked . | . . . . Crushed . | . . . . Highest Temperature 154 | . 128 . 154 Average Temperature 32 | . 27 . 83 Received Heat Transfer 663 | . 264 273 126 Siege Activations . | . . . . Martial Activations . | . . . . Shielding Activations . | . . . . Robots Disrupted . | . . . . Combat Hostiles . | . . . . Robots Corrupted 1 | . . 1 . Combat Hostiles 1 | . . 1 . Parts Fried 1 | . . 1 . Impact Corruptions . | . . . . Robots Melted 1 | . 1 . . Combat Hostiles . | . . . . Parts Melted 9 | . 9 . . Heat Transferred 3059 | 161 2898 . . Parts Sabotaged . | . . . . Parts Stolen . | . . . . Parts Stripped . | . . . . Power Chain Reactions 1 | . 1 . . Alert | -11 -10 -10 -7 ------- Run | Yrd Mat Sub Rec Maximum Alert Level . | . . . . Low Security (%) 100 | 100 100 . 100 Level 1 . | . . . . Level 2 . | . . . . Level 3 . | . . . . Level 4 . | . . . . Level 5 . | . . . . High Security . | . . . . Max Security . | . . . . Peak Influence 133 | 5 133 . 77 Initial 77 | . . . 77 Average 31 | 1 31 . 73 Influence Increases 648 | 10 436 200 2 Destroy 0b10 Robot/C 420 | . 280 140 . Destroy 0b10 Robot/NC 35 | 10 25 . . Destroy Leader 60 | . 60 . . Successful Hack 38 | . 38 . . Destroy Structure 5 | . 3 . 2 Lose Combat Pursuer 90 | . 30 60 . Influence Decreases 579 | 10 436 38 95 Entered New Map 85 | . . . 85 Time Decay 484 | 10 426 38 10 Lost Part 10 | . 10 . . Squads Dispatched 2 | . 2 . . Investigation 2 | . 2 . . Extermination . | . . . . Reinforcement . | . . . . Assault . | . . . . Garrison . | . . . . Intercept . | . . . . Searches Triggered . | . . . . Construction Impeded . | . . . . Haulers Reinforced . | . . . . Active Scanning Responses . | . . . . Cargo Convoy Interrupts . | . . . . Stealth | -11 -10 -10 -7 --------- Run | Yrd Mat Sub Rec Distress Signals 1 | . 1 . . Communications Jammed . | . . . . Distress Signals . | . . . . Times Spotted 44 | . 20 23 1 Peak Tracking Total 6 | . 4 6 1 Tactical Retreats 5 | . 2 3 . Traps | -11 -10 -10 -7 ------- Run | Yrd Mat Sub Rec Traps Triggered 2 | . 2 . . Indirectly . | . . . . Trap Hack Attempts . | . . . . Triggered . | . . . . Disarmed . | . . . . Reprogrammed . | . . . . Reused . | . . . . Traps Extracted . | . . . . Installed . | . . . . Triggered . | . . . . Machines | -11 -10 -10 -7 ---------- Run | Yrd Mat Sub Rec Machines Disabled 5 | . 2 3 . Max in Single Turn 1 | . 1 1 . Machines Repaired . | . . . . Machines Dismantled . | . . . . Machines Sabotaged . | . . . . Overloaded Fab Kills . | . . . . Hacking | -11 -10 -10 -7 --------- Run | Yrd Mat Sub Rec Machines Accessed 11 | . 9 2 . Terminals 7 | . 7 . . Fabricators . | . . . . Repair Stations . | . . . . Recycling Units 2 | . 2 . . Scanalyzers . | . . . . Garrison Access . | . . . . Total Hacks 48 | . 35 13 . Successful 33 | . 20 13 . Failed 14 | . 14 . . Catastrophic 2 | . 2 . . Database Lockouts 1 | . 1 . . Manual 28 | . 28 . . Terminals 29 | . 29 . . Fabricators . | . . . . Repair Stations . | . . . . Recycling Units 6 | . 6 . . Scanalyzers . | . . . . Garrison Access . | . . . . Terminal Hacks 20 | . 7 13 . Record 12 | . . 12 . Robot Analysis 4 | . 4 . . Emergency Access Points 1 | . 1 . . Locate Traps 1 | . 1 . . Dispatch Records 1 | . 1 . . Proto ID Catalog 1 | . . 1 . Fabricator Hacks . | . . . . Repair Station Hacks . | . . . . Recycling Unit Hacks 3 | . 3 . . Report Inventory 2 | . 2 . . Retrieve Components 1 | . 1 . . Scanalyzer . | . . . . Garrison Access Hacks . | . . . . Unauthorized Hacks 10 | . 10 . . Terminals 9 | . 9 . . Botnet 3 | . 3 . . Operators 1 | . 1 . . Skim 5 | . 5 . . Fabricators . | . . . . Repair Stations . | . . . . Recycling Units 1 | . 1 . . Reject 1 | . 1 . . Scanalyzers . | . . . . Garrison Access . | . . . . Data Cores Recovered . | . . . . Used . | . . . . Hacking Detections 7 | . 7 . . Full Trace Events 1 | . 1 . . Feedback Events . | . . . . Feedback Blocked . | . . . . Robot Schematics Acquired . | . . . . Robots Built . | . . . . Authchips . | . . . . Time . | . . . . Total Robot Build Rating . | . . . . Part Schematics Acquired . | . . . . Parts Built . | . . . . Authchips . | . . . . Time . | . . . . Total Part Build Rating . | . . . . Part Studies Acquired . | . . . . Parts Repaired . | . . . . Time . | . . . . Parts Recycled . | . . . . Recycled Matter . | . . . . Retrieved Matter . | . . . . Retrieved Components 4 | . 4 . . Parts Scanalyzed . | . . . . Part Schematics Acquired . | . . . . Parts Damaged . | . . . . Bothacking | -11 -10 -10 -7 ------------ Run | Yrd Mat Sub Rec Used RIF Installer . | . . . . Robots Hacked . | . . . . Non-combat . | . . . . Combat . | . . . . Robot Hacks Applied . | . . . . Relay Couplers Released . | . . . . Fabnet Peak Effective % . | . . . . Robots Rewired . | . . . . Allies Hacked . | . . . . Hacks Repelled . | . . . . Allies | -11 -10 -10 -7 -------- Run | Yrd Mat Sub Rec Total Allies . | . . . . Largest Group . | . . . . Highest-Rated Group . | . . . . Highest-Rated Ally . | . . . . Total Orders . | . . . . Ally Attacks . | . . . . Total Damage . | . . . . Kills . | . . . . Allies Corrupted . | . . . . Allies Melted . | . . . . Intel | -11 -10 -10 -7 ------- Run | Yrd Mat Sub Rec Active Infowar (turns) 5196 | 13 2198 2955 30 Terrain 5196 | 13 2198 2955 30 Robot Analysis Total 4 | . 4 . . Derelict Logs Recovered 2 | . . 2 . Drone Launches . | . . . . Drone Recoveries . | . . . . Exploration | -11 -10 -10 -7 ------------- Run | Yrd Mat Sub Rec Turns Passed 5228 | 45 2198 2955 30 Spaces Moved 2716 | 31 1425 1255 5 Core 353 | 3 350 . . Treads . | . . . . Legs 409 | . . 404 5 Wheels 102 | 28 74 . . Hover 652 | . 652 . . Flight 1200 | . 349 851 . Fastest Speed 37 | 50 37 37 130 Average Speed 91 | 77 114 66 130 Slowest Speed 200 | 80 200 130 130 Overloaded Moves . | . . . . Propulsion Burnouts . | . . . . Robots Hopped . | . . . . Potential Cave-ins . | . . . . Cave-ins Triggered . | . . . . Exploration Rate (%) 45 | 3 94 84 1 Regions Visited 3 Branch Regions 2 Pre-discovered Areas . | . . . . Known Exits Taken 2 | . 1 1 . Unknown Exits Taken 1 | 1 . . . Scrap Searched 11 | . . 11 . Spaces Dug . | . . . . Terrain Destroyed 4 | . 2 . 2 Melee . | . . . . Projectile 2 | . . . 2 AOE 2 | . 2 . . Terrain Rammed . | . . . . Walls Destroyed . | . . . . Machines Disabled . | . . . . Actions | -11 -10 -10 -7 --------- Run | Yrd Mat Sub Rec Total 5094 | 40 1811 3230 13 Wait 2113 | . 245 1868 . Move 2713 | 30 1424 1254 5 Hop . | . . . . Pick Up 2 | . 1 1 . Fast Attach 23 | 6 10 7 . Attach . | . . . . Detach 2 | . 2 . . Swap 1 | . . 1 . Drop 15 | . 9 6 . Fire 176 | 4 94 70 8 Melee . | . . . . Ram . | . . . . Kick . | . . . . Crush . | . . . . Escape Stasis . | . . . . Rewire . | . . . . Trap . | . . . . Miscellaneous 49 | . 26 23 . Route ------- -11/Scrapyard -10/Materials (discovered 5 exits: *Mat x3 / [*Min] / *Sub) -10/Subcaves (discovered 4 exits: *Mat x2 / *Rec / [*Scr]) -7/Recycling History --------- Turn | Location | Event 1 | -11/Scrapyard | Upgraded with Propulsion slot (x1) 1 | -11/Scrapyard | Upgraded with Utility slot (x2) 1 | -11/Scrapyard | Upgraded with Weapon slot (x1) 12 | -11/Scrapyard | Discovered new exit (range 15) 46 | -11/Scrapyard | Entered Materials 379 | -10/Materials | Discovered new exit (range 13) 552 | -10/Materials | Discovered new exit (range 10) 732 | -10/Materials | Discovered new exit (range 15) 764 | -10/Materials | Build established: Scavenger-Mutant 905 | -10/Materials | Discovered new exit (range 13) 919 | -10/Materials | Central database locked down 1018 | -10/Materials | Learned location of 2 exits from Mines 1089 | -10/Materials | Learned Storage non-interactive machine intel 1110 | -10/Materials | Build established: Mutant 1176 | -10/Materials | Reached level 2 1196 | -10/Materials | Identified exit to Subcaves 1235 | -10/Materials | Identified exit to Materials 1265 | -10/Materials | Learned Storage non-interactive machine intel 1304 | -10/Materials | Learned location of 3 exits from Materials 1352 | -10/Materials | Learned 4 Subcaves zone layouts 1955 | -10/Materials | Upgraded with Propulsion slot (x1) 2244 | -10/Materials | Entered Subcaves 2245 | -10/Subcaves | Approached by a straggling Scientist 2245 | -10/Subcaves | Identified exit to Materials 2316 | -10/Subcaves | Identified exit to Recycling 2791 | -10/Subcaves | Shifting Twisted Machinery released Battle Cannon 2805 | -10/Subcaves | Shifting Twisted Machinery released Battle Rifle 3709 | -10/Subcaves | Visited Clippyterm 3710 | -10/Subcaves | Learned Factory trap positions 3710 | -10/Subcaves | Learned Factory stockpile data 3909 | -10/Subcaves | Ambushed by Subdwellers from Twisted Machinery 4228 | -10/Subcaves | A Subdweller sparked back to life 4228 | -10/Subcaves | A Subdweller sparked back to life 4250 | -10/Subcaves | Core integrity fell below 50% 4261 | -10/Subcaves | Found Prototype Leg 4261 | -10/Subcaves | Identified Cargo Legs 4263 | -10/Subcaves | Attached Cargo Legs, gained temporary slots: Utility x2 4474 | -10/Subcaves | Learned 2 Materials zone layouts 4514 | -10/Subcaves | Visited 4L-MR0's lab 4530 | -10/Subcaves | Found Meta Core 4531 | -10/Subcaves | Attached Meta Core, gained temporary slots: Propulsion, Utility, Weapon 4531 | -10/Subcaves | Upgraded with Power slot (x1) 5064 | -10/Subcaves | Core integrity fell below 20% 5070 | -10/Subcaves | Reached level 3 5084 | -10/Subcaves | Upgraded with Utility slot (x1) 5199 | -10/Subcaves | Entered Recycling 5229 | -7/Recycling | Destroyed by Y-54 Guardian with Flak Gun Last Messages --------------- 05087_ Flight Unit fries itself beyond repair. 05090_ Autobeam Turret destroyed. 05097_ Autobeam Turret Autobeam blasted off. 05100_ Used Protomatter to restore core integrity (+12, depleted) 05102_ Acquired 18 matter. 05115_ Acquired Autobeam. 05116_ Autobeam Turret knocked back. 05116_ Machine disabled. 05122_ Acquired 1 matter. 05123_ Autobeam Turret destroyed. 05126_ Acquired 6 matter. 05128_ Acquired 10 matter. 05147_ Acquired 35 matter. 05155_ Acquired 5 matter. 05170_ Acquired Scrap Shield. 05173_ Scrap Shield Fragment affixed to Scrap Shield (+26). 05174_ Acquired 10 matter. LOCATION=RECYCLING GOAL=ESCAPE 05207_ Y-54 Guardian springs to life. Map ----- +----------------------------------------------------+ | ????????????????????????????????? | | ????????????????????????????????? | | ????????????????????????????????? | | ????????????????????????????????? | | ????????????????????????????????? | | ????????????????????????????????? | | ????????????????????????????????? | | ????????????????????????????????? | | ????????????????????????????????? | | ????????????????????????????????? | | ??? ? ? ? ??????????????????? | | ??# ??? ? ?????????????????? | | #?#???? ?? ? ???#???????????????? | | ?#? ??? ? #?#??????????????? | | #????? ???? ???# ????????????? | | ?#? ?? ? ? ##?#? ???????????? | | ???? ?? ? ?? #?#?? ???????????? | | ?#? ???? ? ?###? ? ??????????? | | ###? ? ? ###?? ???????????? | | ??##?##+#######?#??###??????????? | | ###?## ?? ?? ?? ????????? | | ##?### ?? ? ?????????? | | #??#?# % ? ? ? ?? ????????? | | ##??## %%#####+#?###### ????????? | | ###??# Y;# ? ??? ??? ????????? | | ?##?## @;#??"?"?? ??###????????? | | ?????# ##? ?""?" ?#?#????????? | | ??#?## ##? ?"""" ?####????????? | | #?#### #?# ?"""" ?#?##????????? | | #???## ### ""?"" ?####????????? | | ##?######### "??"" #?##????????? | | #??######??#??"?""? ?###????????? | | ??####???#?#? ? ??? ##??????????? | | #?##?##?#???#######?????????????? | | #?##?#?###?#??#?##?##???????????? | | ?#?####???##?#####??#???????????? | | ???###?#?##?#??####?????????????? | | | | | | | | | | | | | | | | | | | | | | | | | | | +----------------------------------------------------+ Best States ------------- Heat Dissipation 37 Energy Generation 26 Energy Capacity 240 Matter Stores 300 Matter Capacity 300 Sight Range 16 Robot Scan Range 8 Terrain Scan Range 16 Terrain Scan Density 310 Armor Coverage 900 Evasion (%) 62 Item Schematics ----------------- None Robot Schematics ------------------ None Fabricated ------------ Nothing Repaired ---------- Nothing Studied --------- None Alien Tech Used ----------------- None Achievements -------------- None Challenges ------------ None RPGLIKE | -11 -10 -10 -7 --------- Run | Yrd Mat Sub Rec Levels Raised 2 | . 1 1 . XP Earned 7380 | 3000 1680 1700 1000 XP Spent 5950 | 2990 900 2060 . Upgrades 22 | 11 2 9 . Power Slot 1 | . . 1 . Propulsion Slot 2 | 1 1 . . Utility Slot 3 | 2 . 1 . Weapon Slot 1 | 1 . . . Core Integrity 4 | . . 4 . Heat Dissipation 2 | 2 . . . Mass Support 1 | . 1 . . Inventory Capacity 1 | 1 . . . Sensor Range 4 | 1 . 3 . Terrain Scan Density 3 | 3 . . . Protomatter Created 366 | . 188 178 . Integrity Restored 905 | . 531 374 . Core 746 | . 484 262 . Parts 159 | . 47 112 . Protomatter Decayed 54 | . 4 50 . Game ------ Seed ArmageddonScatterFacilitator Manual? 0 Play Time 00:45:24 Cumulative 83.1 hours Start 2025.11.18 @ 15:47:23 End 2025.11.18 @ 16:22:17 Sessions 1 Manual Loads 0 Difficulty Rogue Special Mode Winter2019/RPGLIKE Game No. 76 Rogue 76 Adventurer 0 Explorer 0 Win Type - Total 0 Types 0/0/0/0/0/0/0/0/0/0 Lore% 59 Gallery% 38 Achievement% 36 Wizard Run 0 Options --------- Layout 0 ASCII 0 Keyboard 0 Movement Mouse Keybinds 0 Fullscreen 2 Font 24/Smallcaps Map View 76x50 Zoom Use 0% Tactical HUD 1 Map Filters NONE Filters NONE Steam 1 RUN: e8e7b5a3-345e-4d4f-9229-28c36623f6c8